 Dungeon Crawl Stone Soup version 0.25.1-2-g60ff931df9 (webtiles) character file.

Game seed: 9878304727168897414

84 pokeman the Magician (level 4, -8/25 HPs)
             Began as a Deep Elf Wizard on Oct 14, 2020.
             Killed by divine providence
             ... invoked by an orc priest
              (11 damage)
             ... on level 3 of the Dungeon on Oct 15, 2020.
             The game lasted 00:06:42 (3000 turns).

pokeman the Magician (Deep Elf Wizard)              Turns: 3000, Time: 00:06:42

Health: -8/25      AC:  3    Str:  4    XL:     4   Next: 24%
Magic:  4/13       EV: 11    Int: 24    God:
Gold:   43         SH:  0    Dex: 13    Spells: 3/14 levels left

rFire    . . .     SeeInvis .   p - +0 spear
rCold    + . .     Gourm    .   (no shield)
rNeg     . . .     Faith    .   o - +0 leather armour
rPois    .         Spirit   .   b - +0 hat
rElec    .         Reflect  .   (no cloak)
rCorr    .         Harm     .   (no gloves)
MR       .....                  (no boots)
Stlth    ++........             f - amulet of magic regeneration
HPRegen  0.08/turn              k - ring of protection from cold
MPRegen  0.38/turn              (no ring)

@: very slightly contaminated
A: no striking features
a: no special abilities


You were on level 3 of the Dungeon.
You were not hungry.

You visited 1 branch of the dungeon, and saw 3 of its levels.

You collected 43 gold pieces.

Inventory:

Hand Weapons
 p - a +0 spear (weapon)
Armour
 b - a +0 hat (worn)
 o - a +0 leather armour (worn)
Jewellery
 f - an amulet of magic regeneration (around neck)
 k - a ring of protection from cold (left hand)
Scrolls
 a - 2 scrolls of enchant armour {unknown}
 i - 2 scrolls of remove curse {unknown}
 j - 5 scrolls of identify {unknown}
 m - a scroll of blinking {unknown}
 n - a scroll of random uselessness {unknown}
 q - a scroll of amnesia {unknown}
Potions
 c - a potion of invisibility {unknown}
 e - a potion of curing {unknown}
 g - a potion of haste {unknown}
 h - a potion of lignification {unknown}
 l - a potion of degeneration {unknown}
Comestibles
 d - 5 rations


   Skills:
 - Level 1.0 Fighting
 + Level 1.2 Armour
 - Level 2.4 Dodging
 - Level 2.4 Stealth
 * Level 5.5 Spellcasting
 * Level 2.3 Conjurations
 - Level 1.1 Summonings
 - Level 1.1 Translocations
 + Level 0.5 Fire Magic


You had 3 spell levels left.
You knew the following spells:

 Your Spells              Type           Power        Failure   Level  Hunger
a - Magic Dart            Conj           ###.         5%          1    None
b - Mephitic Cloud        Conj/Pois/Air  ##......     30%         3    #......
c - Call Imp              Summ           ##......     14%         2    None
d - Blink                 Tloc           N/A          14%         2    None
e - Conjure Flame         Conj/Fire      ##......     24%         3    #......

Your spell library contained the following spells:

 Spells                   Type           Power        Failure   Level  Hunger
 Slow                     Hex            #.......     22%         2    None


Dungeon Overview and Level Annotations

Branches:
Dungeon (3/15)

Altars:
Makhleb
Okawaru


Message History

The orc priest invokes the aid of Beogh against you.
Beogh smites you!
* * * LOW HITPOINT WARNING * * *
Casting: Magic Dart (safe; 5% risk of failure)
Confirm with . or Enter, or press ? or * to list all spells.
Aiming: Magic Dart (safe; 5% risk of failure)
Press: ? - help, Shift-Dir - straight line, f/p - orc priest
Aim: an orc priest, wielding a +0 club and wearing a +0 scale mail (severely wounded)
The magic dart hits the orc priest.
The orc priest is almost dead.
Casting: Magic Dart (safe; 5% risk of failure)
Confirm with . or Enter, or press ? or * to list all spells.
Aiming: Magic Dart (safe; 5% risk of failure)
Press: ? - help, Shift-Dir - straight line, f/p - orc priest
Aim: an orc priest, wielding a +0 club and wearing a +0 scale mail (almost dead)
The magic dart hits the orc.
The orc is heavily wounded.
The orc priest mumbles some strange prayers to Beogh against you.
Beogh smites you!
You die...

#............## #...# #.#
#.............## ###.## #.##
#..)........#..## #..# #.#.
#.......>...##..######.###.#.
#..[........###..##.>......#.
#...........# ##...........).
.............##
##............
###....###.....#
#...........# #....# #####@#
#...........# #..<.# #o#
##.........##
#o)..###...#...## ####.#
######### .# .. ##


You could see an orc priest and an orc.

Vanquished Creatures
  An adder (D:3)
  An ooze (D:3)
  2 worms (D:3)
  4 dart slugs
  3 orcs (D:3)
  2 ball pythons (D:2)
  4 bats
  4 giant cockroaches
  6 goblins
  11 hobgoblins
  3 jackals (D:1)
  3 frilled lizards
  2 kobolds (D:2)
  2 rats
48 creatures vanquished.

Notes
Turn   | Place    | Note
-------+----------+-------------------------------------------
     0 | D:1      | pokeman the Deep Elf Wizard began the quest for the Orb.
     0 | D:1      | Reached XP level 1. HP: 10/10 MP: 7/7
   414 | D:1      | Reached XP level 2. HP: 16/16 MP: 4/9
   775 | D:1      | Reached skill level 5 in Spellcasting
   945 | D:1      | Reached XP level 3. HP: 20/20 MP: 8/11
   950 | D:1      | Learned a level 3 spell: Mephitic Cloud
   953 | D:1      | Learned a level 2 spell: Call Imp
   956 | D:1      | Learned a level 2 spell: Blink
   960 | D:1      | Learned a level 3 spell: Conjure Flame
  1913 | D:2      | Found a burning altar of Makhleb.
  2214 | D:3      | Reached skill level 1 in Fighting
  2340 | D:3      | Found an iron altar of Okawaru.
  2384 | D:3      | Reached skill level 1 in Armour
  2472 | D:3      | Reached XP level 4. HP: 14/25 MP: 3/13
  3000 | D:3      | Killed from afar by an orc priest

Illustrated notes

Levels and vault maps discovered:
D:1:      minmay_arrival_split_and_join, layout_loops_ring
D:2:      layout_loops_ring, old_standard_altar, first_ration
D:3:      minmay_angry_zag, layout_rooms, marbit_many_paths,
          gammafunk_temple_overflow_statue, lemuel_another_geyser

Skill      XL: |  1  2  3 |
---------------+----------+-----
Spellcasting   | 5 |  5.5
Fighting       | 1 |  1.0
Conjurations   | 2 |  2.3
Armour         | 1 |  1.2
Dodging        | |  2.4
Stealth        | |  2.4
Summonings     | |  1.1
Translocations | |  1.1
Fire Magic     | |  0.5

Action                   |  1- 3 |  4- 6 || total
-------------------------+-------+-------++-------
Melee: Unarmed           |     3 |       ||     3
       Spear             |       |     7 ||     7
 Cast: Magic Dart        |   116 |    36 ||   152
       Mephitic Cloud    |       |     1 ||     1
  Eat: Chunk             |     4 |     2 ||     6
Armor: Robe              |     1 |       ||     1
       Leather armour    |     1 |    10 ||    11
Dodge: Dodged            |    22 |    10 ||    32
